 Dungeon Crawl Stone Soup version 0.13-a0-2174-g3a0f4b0 (webtiles) character file.

89 JacquesDerrida the Grave Robber (level 3, 11/24 HPs)
             Began as a Demonspawn Necromancer on July 1, 2013.
             Quit the game on Level 2 of the Dungeon.
             The game lasted 00:03:57 (1309 turns).

JacquesDerrida the Grave Robber (DsNe)              Turns: 1309, Time: 00:03:57

HP  11/24        AC  2     Str  9      XL: 3   Next:  3%
MP   7/7         EV 12     Int 16      God:
Gold 59          SH  0     Dex 13      Spells:  1 memorised,  6 levels left

Res.Fire  : . . .   See Invis. : .   i - +2,+0 elf dagger
Res.Cold  : . . .   Warding    : .   a - +0 robe
Life Prot.: . . .   Conserve   : .   (no shield)
Res.Poison: .       Res.Corr.  : .   (helmet restricted)
Res.Elec. : .       Clarity    : +   (no cloak)
Sust.Abil.: . .     Spirit.Shd : .   (no gloves)
Res.Mut.  : .       Rnd.Telep. : +   (no boots)
Res.Rott. : .       Flight     : .   e - amulet of clarity {unknown}
Saprovore : . . .                    (no ring)
                                     l - cursed ring of teleportation

@: not resistant to hostile enchantments, fairly stealthy
A: antennae 1
a: Evoke Teleportation


You were on level 2 of the Dungeon.
You were near starving.

You visited 1 branch of the dungeon, and saw 2 of its levels.

You collected 39 gold pieces.

Inventory:

Hand weapons
 i - a +2,+0 elven dagger (weapon)
 n - a -2,-3 orcish dagger (quivered)
Armour
 a - a +0 robe (worn)
Comestibles
 c - 2 bread rations
Scrolls
 f - a scroll of remove curse {unknown}
 g - 2 scrolls of random uselessness {unknown}
 h - a scroll of identify {unknown}
Jewellery
 e - an amulet of clarity (around neck) {unknown}
 l - a cursed ring of teleportation (left hand)
Potions
 d - a potion of curing {unknown}
 j - a potion of speed {unknown}
 k - a potion of invisibility {unknown}
 m - a potion of agility {unknown}
Books
 b - a book of Necromancy

   Spells                             Type                      Level
   *Pain                              Necromancy                   1
   Animate Skeleton                   Necromancy                   1
   Lethal Infusion                    Charms/Necromancy            2
   Vampiric Draining                  Necromancy                   3
   Regeneration                       Charms/Necromancy            3
   Animate Dead                       Necromancy                   4
   Control Undead                     Necromancy                   4


   Skills:
 - Level 1.7 Dodging
 - Level 1.7 Stealth
 + Level 2.7 Spellcasting
 - Level 4.3 Necromancy


You had 6 spell levels left.
You knew the following spells:

 Your Spells              Type           Power        Failure   Level  Hunger
a - Pain                  Necr           ###.         3%          1    #......


Dungeon Overview and Level Annotations

Branches:
Dungeon (2/27)

Altars:
Okawaru


Innate Abilities, Weirdness & Mutations

You have a pair of small antennae on your head.


Message History

The giant mite closely misses you.
You barely miss the giant mite.
The giant mite is severely wounded.
The training dummy closely misses you. The giant mite completely misses you.
You hit the giant mite.
You kill the giant mite!
You have reached level 3!
Your experience leads to an increase in your attributes!
Increase (S)trength, (I)ntelligence, or (D)exterity?
You feel stronger. The training dummy barely misses you.
Found 7 javelins.
You see here a giant mite corpse.
e - a thin peridot amulet Put on which piece of jewellery? (? for menu, Esc to quit)
You feel slightly jumpy.
Oops, that ring feels deathly cold.
l - a cursed ring of teleportation (left hand) Put on which piece of jewellery? (? for menu, Esc to quit)
e - a thin peridot amulet (around neck) {tried} Are you sure you want to abandon this character and quit the game? (Confirm with "yes".)

...>..........##?##
##
.#..#...###..#8.8#..#
#..#...# #.........#
. #...###...._....#
#.##...##..........#
#..........%#8.8#..#
#...........##.##.##
#.................#
....#....@.....##
##....$....#
#.........#
#......(..#
########..# ..# .


You could see 2 training dummies.

Vanquished Creatures
  A giant mite (D:2)
  2 oozes
  6 bats
  3 hobgoblins (D:1)
  5 kobolds
  A giant gecko (D:1)
  4 rats (D:1)
22 creatures vanquished.

Notes
Turn   | Place    | Note
--------------------------------------------------------------
     0 | D:1      | JacquesDerrida, the Demonspawn Necromancer, began the quest for the Orb.
     0 | D:1      | Reached XP level 1. HP: 13/13 MP: 3/3
   447 | D:1      | Gained mutation: You have a pair of small antennae on your head. [demonic ancestry]
   447 | D:1      | Reached XP level 2. HP: 8/19 MP: 0/5
  1284 | D:2      | Found an iron altar of Okawaru.
  1295 | D:2      | Reached XP level 3. HP: 10/24 MP: 7/7
  1309 | D:2      | Quit the game

Action                   || total
-------------------------++-------
Melee: Unarmed           ||     6
       Dagger            ||    41
 Cast: Pain              ||    27
  Use: Scroll            ||     2
 Stab: Sleeping          ||     1
